2441 views
Uploaded 2022-03-11 23:40:47
Game version 1.32.10
51:45 long 1on1on1on1 ladder game on (6)NeonCity
Saved by IIlIIlIllIII
2441 views
Uploaded 2022-03-11 23:40:47
Game version 1.32.10
51:45 long 1on1on1on1 ladder game on (6)NeonCity

112 units @ 17.7k
/ 2.8k
59 buildings @ 6.7k
/ 3.6k


| Scroll of Regeneration | 6 | 600 |
| Staff of Sanctuary | 2 | 500 |
| Orb of Fire | 3 | 975 |
| Scroll of Town Portal | 11 | 3850 |
| Legion Doom-Horn | 1 | 500 |
| Pendant of Mana | 1 | 600 |
| total: | 24 | 7025g |
| Peasant | 42 | 3150 | / | 0 |
| Footman | 10 | 1350 | / | 0 |
| Rifleman | 4 | 820 | / | 120 |
| Knight | 15 | 3675 | / | 900 |
| Siege Engine | 9 | 1755 | / | 540 |
| Flying Machine | 3 | 300 | / | 90 |
| Spell Breaker | 18 | 3870 | / | 540 |
| Priest | 3 | 405 | / | 30 |
| Gryphon Rider | 7 | 1960 | / | 490 |
| Goblin Shredder | 1 | 375 | / | 100 |
| total: | 112 | 17660g | / | 2810w |
| Scout Tower | 29 | 870 | / | 580 |
| Arcane Tower | 7 | 490 | / | 350 |
| Guard Tower | 5 | 350 | / | 250 |
| Altar of Kings | 1 | 180 | / | 50 |
| Farm | 10 | 800 | / | 200 |
| Barracks | 2 | 320 | / | 120 |
| Blacksmith | 1 | 140 | / | 60 |
| Arcane Vault | 1 | 130 | / | 30 |
| Lumber Mill | 1 | 120 | / | 0 |
| Town Hall | 9 | 3465 | / | 1845 |
| Cannon Tower | 2 | 240 | / | 200 |
| Workshop | 1 | 140 | / | 140 |
| Arcane Sanctum | 2 | 300 | / | 280 |
| Gryphon Aviary | 2 | 280 | / | 300 |
| Keep | 2 | 640 | / | 420 |
| Castle | 2 | 720 | / | 420 |
| total: | 59 | 6745g | / | 3605w |
| 0:03 | Peasant |
| 0:03 | Peasant |
| 0:03 | Peasant |
| 0:24 | Altar of Kings |
| 0:26 | Farm |
| 0:35 | Peasant |
| 0:35 | Peasant |
| 0:35 | Peasant |
| 0:35 | Peasant |
| 0:36 | Peasant |
| 0:40 | Barracks |
| 0:54 | Peasant |
| 1:09 | Farm |
| 1:15 | Peasant |
| 1:34 | Scout Tower |
| 1:51 | Footman |
| 1:51 | Footman |
| 1:51 | Footman |
| 1:51 | Footman |
| 1:51 | Footman |
| 1:51 | Footman |
| 1:51 | Footman |
| 1:51 | Footman |
| 2:00 | Arcane Tower |
| 2:06 | Peasant |
| 2:06 | Peasant |
| 2:14 | Peasant |
| 2:27 | Storm Bolt |
| 2:45 | Peasant |
| 2:49 | Farm |
| 3:05 | Keep |
| 3:26 | Farm |
| 3:27 | Footman |
| 3:42 | Blacksmith |
| 3:47 | Bash |
| 3:55 | Footman |
| 4:00 | Arcane Vault |
| 4:14 | Lumber Mill |
| 4:54 | Farm |
| 5:04 | Rifleman |
| 5:06 | Defend |
| 5:36 | Scroll of Regeneration |
| 6:13 | Goblin Shredder |
| 6:24 | Storm Bolt |
| 6:26 | Holy Light |
| 6:39 | Castle |
| 7:43 | Town Hall |
| 7:45 | Scout Tower |
| 7:45 | Scout Tower |
| 7:45 | Scout Tower |
| 7:53 | Scroll of Regeneration |
| 7:53 | Scroll of Regeneration |
| 8:07 | Farm |
| 8:08 | Farm |
| 8:20 | Long Rifles |
| 8:51 | Iron Forged Swords |
| 8:51 | Iron Plating |
| 8:54 | Divine Shield |
| 9:15 | Workshop |
| 9:17 | Arcane Sanctum |
| 9:37 | Bash |
| 9:40 | Knight |
| 9:41 | Knight |
| 9:43 | Rifleman |
| 9:50 | Farm |
| 9:51 | Farm |
| 9:53 | Arcane Tower |
| 10:09 | Staff of Sanctuary |
| 10:11 | Scroll of Regeneration |
| 10:18 | Orb of Fire |
| 10:18 | Orb of Fire |
| 10:31 | Improved Masonry |
| 10:35 | Barrage |
| 10:36 | Siege Engine |
| 10:44 | Animal War Training |
| 10:52 | Arcane Tower |
| 11:01 | Scout Tower |
| 11:01 | Scout Tower |
| 11:01 | Scout Tower |
| 11:20 | Steel Forged Swords |
| 11:21 | Black Gunpowder |
| 11:36 | Holy Light |
| 11:42 | Guard Tower |
| 11:45 | Guard Tower |
| 11:49 | Scout Tower |
| 11:52 | Siege Engine |
| 12:09 | Knight |
| 12:09 | Rifleman |
| 12:36 | Magic Sentry |
| 12:38 | Guard Tower |
| 12:43 | Farm |
| 12:47 | Scout Tower |
| 12:47 | Scout Tower |
| 12:47 | Scout Tower |
| 12:53 | Arcane Tower |
| 13:09 | Orb of Fire |
| 13:09 | Staff of Sanctuary |
| 13:22 | Flak Cannons |
| 13:22 | Flying Machine |
| 13:23 | Flying Machine |
| 13:26 | Priest Adept Training |
| 13:46 | Steel Plating |
| 13:51 | Knight |
| 14:18 | Knight |
| 14:18 | Rifleman |
| 14:45 | Control Magic |
| 14:45 | Spell Breaker |
| 15:00 | Scroll of Town Portal |
| 15:28 | Gryphon Aviary |
| 15:28 | Gryphon Aviary |
| 15:38 | Spell Breaker |
| 15:49 | Storm Bolt |
| 16:04 | Divine Shield |
| 16:16 | Town Hall |
| 17:02 | Spell Breaker |
| 17:03 | Spell Breaker |
| 17:04 | Priest |
| 17:05 | Priest Master Training |
| 17:07 | Gryphon Rider |
| 17:09 | Storm Hammers |
| 17:51 | Gryphon Rider |
| 17:52 | Mithril Forged Swords |
| 18:14 | Scroll of Town Portal |
| 18:27 | Priest |
| 19:09 | Gryphon Rider |
| 20:02 | Peasant |
| 20:02 | Peasant |
| 20:02 | Peasant |
| 20:02 | Peasant |
| 20:03 | Peasant |
| 20:44 | Spell Breaker |
| 20:45 | Spell Breaker |
| 20:48 | Knight |
| 20:50 | Gryphon Rider |
| 20:55 | Peasant |
| 20:59 | Scroll of Town Portal |
| 21:06 | Flying Machine |
| 21:08 | Spell Breaker |
| 21:11 | Town Hall |
| 21:32 | Arcane Sanctum |
| 21:33 | Barracks |
| 21:53 | Studded Leather Armor |
| 21:53 | Mithril Plating |
| 21:54 | Refined Gunpowder |
| 21:57 | Advanced Masonry |
| 22:28 | Holy Light |
| 22:38 | Avatar |
| 23:54 | Peasant |
| 23:54 | Peasant |
| 23:55 | Peasant |
| 24:13 | Imbued Masonry |
| 24:29 | Resurrection |
| 24:33 | Knight |
| 24:34 | Spell Breaker |
| 24:35 | Spell Breaker |
| 24:56 | Reinforced Leather Armor |
| 26:53 | Scout Tower |
| 26:53 | Scout Tower |
| 26:53 | Scout Tower |
| 26:54 | Scout Tower |
| 26:54 | Scout Tower |
| 26:55 | Scout Tower |
| 26:55 | Scout Tower |
| 27:06 | Siege Engine |
| 27:07 | Spell Breaker |
| 27:20 | Dragonhide Armor |
| 27:20 | Imbued Gunpowder |
| 27:25 | Scroll of Regeneration |
| 27:28 | Scroll of Town Portal |
| 28:04 | Legion Doom-Horn |
| 28:05 | Pendant of Mana |
| 28:28 | Peasant |
| 29:39 | Arcane Tower |
| 30:10 | Scout Tower |
| 30:11 | Scout Tower |
| 30:11 | Scout Tower |
| 30:12 | Scout Tower |
| 30:14 | Scout Tower |
| 30:15 | Scout Tower |
| 30:32 | Bash |
| 31:27 | Gryphon Rider |
| 31:29 | Spell Breaker |
| 31:32 | Priest |
| 31:43 | Scroll of Town Portal |
| 31:43 | Scroll of Regeneration |
| 32:06 | Town Hall |
| 32:21 | Knight |
| 32:23 | Spell Breaker |
| 33:22 | Peasant |
| 33:23 | Peasant |
| 33:50 | Scroll of Town Portal |
| 33:50 | Scroll of Town Portal |
| 34:13 | Spell Breaker |
| 34:15 | Siege Engine |
| 34:47 | Peasant |
| 34:47 | Peasant |
| 34:47 | Peasant |
| 34:47 | Peasant |
| 34:47 | Peasant |
| 35:58 | Divine Shield |
| 36:02 | Siege Engine |
| 36:04 | Spell Breaker |
| 36:08 | Town Hall |
| 36:12 | Town Hall |
| 38:02 | Town Hall |
| 39:00 | Spell Breaker |
| 39:01 | Gryphon Rider |
| 40:00 | Peasant |
| 40:10 | Arcane Tower |
| 40:12 | Cannon Tower |
| 40:13 | Cannon Tower |
| 40:14 | Guard Tower |
| 40:23 | Siege Engine |
| 40:24 | Siege Engine |
| 41:04 | Spell Breaker |
| 41:05 | Knight |
| 41:07 | Thunder Clap |
| 41:58 | Knight |
| 42:04 | Scroll of Town Portal |
| 42:13 | Spell Breaker |
| 42:16 | Peasant |
| 42:16 | Peasant |
| 42:16 | Peasant |
| 42:16 | Peasant |
| 42:17 | Peasant |
| 42:51 | Town Hall |
| 43:21 | Scroll of Town Portal |
| 43:43 | Knight |
| 44:24 | Spell Breaker |
| 44:25 | Siege Engine |
| 45:20 | Peasant |
| 45:20 | Peasant |
| 45:20 | Peasant |
| 45:20 | Peasant |
| 45:20 | Peasant |
| 45:30 | Knight |
| 45:47 | Gryphon Rider |
| 45:58 | Scroll of Town Portal |
| 46:19 | Knight |
| 46:19 | Knight |
| 46:53 | Town Hall |
| 48:09 | Siege Engine |
| 49:15 | Knight |
| 49:50 | Scroll of Town Portal |
| 50:38 | Scout Tower |
| 50:38 | Scout Tower |
| 50:39 | Scout Tower |
| 50:39 | Scout Tower |
| 50:40 | Scout Tower |
| 51:18 | Devotion Aura |
| 51:18 | Devotion Aura |
| 51:42 | Thunder Clap |
| Select | 877 |
| Select group | 844 |
| Right click | 670 |
| Misc. action | 291 |
| Build/train/purchase | 290 |
| Use ability | 198 |
| Assign group | 67 |
| Chat | 24 |
| Remove unit | 13 |
| Item give/drop | 7 |
| Esc | 3 |
90 units @ 11.9k
/ 1.6k
42 buildings @ 7.2k
/ 3.2k



| Healing Salve | 2 | 200 |
| Lesser Clarity Potion | 3 | 210 |
| Tiny Great Hall | 2 | 1200 |
| Orb of Lightning | 1 | 375 |
| Potion of Mana | 5 | 1000 |
| Scroll of Town Portal | 11 | 3850 |
| Scroll of Healing | 8 | 2000 |
| Circlet of Nobility | 1 | 175 |
| Boots of Speed | 2 | 500 |
| Potion of Lesser Invulnerability | 3 | 450 |
| Scroll of Protection | 4 | 600 |
| Periapt of Vitality | 1 | 325 |
| total: | 43 | 10885g |
| Peon | 47 | 3525 | / | 0 |
| Troll Witch Doctor | 6 | 870 | / | 150 |
| Tauren | 4 | 1120 | / | 320 |
| Shaman | 10 | 1300 | / | 200 |
| Kodo Beast | 1 | 255 | / | 60 |
| Spirit Walker | 4 | 780 | / | 140 |
| Raider | 6 | 1080 | / | 240 |
| Wind Rider | 8 | 2120 | / | 320 |
| Troll Batrider | 3 | 480 | / | 120 |
| Goblin Shredder | 1 | 375 | / | 100 |
| total: | 90 | 11905g | / | 1650w |
| Watch Tower | 7 | 770 | / | 560 |
| Altar of Storms | 1 | 180 | / | 50 |
| Orc Burrow | 12 | 1920 | / | 480 |
| Voodoo Lounge | 5 | 650 | / | 150 |
| War Mill | 3 | 615 | / | 0 |
| Barracks | 3 | 540 | / | 150 |
| Great Hall | 4 | 1540 | / | 740 |
| Spirit Lodge | 2 | 300 | / | 300 |
| Tauren Totem | 2 | 270 | / | 310 |
| Beastiary | 3 | 435 | / | 420 |
| Stronghold | 1 | 315 | / | 190 |
| Fortress | 1 | 325 | / | 190 |
| total: | 42 | 7220g | / | 3160w |
| 0:01 | Peon |
| 0:04 | Altar of Storms |
| 0:13 | Peon |
| 0:17 | Orc Burrow |
| 0:21 | Peon |
| 0:31 | Peon |
| 0:48 | Voodoo Lounge |
| 0:59 | Peon |
| 1:16 | Peon |
| 1:31 | Peon |
| 2:04 | Stronghold |
| 2:06 | Healing Salve |
| 2:07 | Wind Walk |
| 2:12 | War Mill |
| 2:16 | Orc Burrow |
| 2:25 | Orc Burrow |
| 3:20 | Circlet of Nobility |
| 3:24 | Spiked Barricades |
| 4:25 | Fortress |
| 4:27 | Spirit Lodge |
| 4:49 | Spirit Lodge |
| 5:21 | Critical Strike |
| 5:26 | Tauren Totem |
| 5:33 | Tauren Totem |
| 5:42 | Troll Witch Doctor |
| 6:07 | Lesser Clarity Potion |
| 6:08 | Healing Salve |
| 6:10 | Troll Witch Doctor |
| 6:13 | Witch Doctor Adept Training |
| 6:43 | Troll Witch Doctor |
| 6:52 | Tauren |
| 6:56 | Peon |
| 7:23 | Hex |
| 7:25 | Tiny Great Hall |
| 8:06 | Witch Doctor Master Training |
| 8:47 | Peon |
| 8:47 | Peon |
| 8:53 | Peon |
| 9:13 | Endurance Aura |
| 9:20 | Orb of Lightning |
| 9:34 | Peon |
| 9:36 | Tauren |
| 9:40 | Shaman Adept Training |
| 9:42 | Reinforced Defenses |
| 9:51 | Peon |
| 10:03 | Healing Wave |
| 10:09 | Peon |
| 10:22 | Wind Walk |
| 10:29 | Voodoo Lounge |
| 10:36 | Tiny Great Hall |
| 10:44 | Shaman Master Training |
| 10:46 | Steel Armor |
| 11:04 | Barracks |
| 11:11 | Peon |
| 11:11 | Peon |
| 11:11 | Peon |
| 11:11 | Peon |
| 11:21 | War Stomp |
| 11:31 | Orc Burrow |
| 11:39 | Beastiary |
| 11:50 | Shaman |
| 11:52 | Peon |
| 12:08 | Orc Burrow |
| 12:11 | Troll Regeneration |
| 12:22 | Healing Wave |
| 12:29 | Goblin Shredder |
| 12:47 | Kodo Beast |
| 12:55 | Shaman |
| 13:18 | Great Hall |
| 13:22 | Spirit Walker |
| 13:22 | Spirit Walker Adept Training |
| 13:24 | War Stomp |
| 13:35 | Orc Burrow |
| 13:41 | Shaman |
| 13:42 | Shaman |
| 13:53 | War Drums Damage Increase |
| 14:15 | Boots of Speed |
| 14:17 | Scroll of Town Portal |
| 14:17 | Boots of Speed |
| 14:17 | Scroll of Healing |
| 14:47 | Great Hall |
| 14:49 | Raider |
| 14:50 | Ensnare |
| 15:17 | Watch Tower |
| 15:18 | Orc Burrow |
| 15:19 | Watch Tower |
| 15:41 | Pulverize |
| 16:01 | Scroll of Town Portal |
| 16:15 | Raider |
| 16:21 | Critical Strike |
| 16:50 | War Mill |
| 16:59 | Steel Ranged Weapons |
| 17:43 | Hex |
| 18:01 | Raider |
| 18:18 | Improved Spiked Barricades |
| 18:21 | Voodoo Lounge |
| 18:27 | Steel Melee Weapons |
| 18:29 | Thorium Melee Weapons |
| 18:35 | Scroll of Town Portal |
| 18:57 | Barracks |
| 19:05 | Watch Tower |
| 19:11 | Potion of Lesser Invulnerability |
| 19:13 | Scroll of Town Portal |
| 19:13 | Scroll of Healing |
| 19:13 | Scroll of Protection |
| 19:19 | Voodoo Lounge |
| 19:30 | Watch Tower |
| 19:31 | Endurance Aura |
| 19:37 | Thorium Armor |
| 19:47 | Beastiary |
| 20:22 | Potion of Mana |
| 20:39 | Wind Walk |
| 20:56 | Lesser Clarity Potion |
| 20:56 | Potion of Mana |
| 20:58 | Scroll of Town Portal |
| 21:08 | Beastiary |
| 21:18 | Envenomed Spears |
| 21:21 | Scroll of Healing |
| 21:21 | Scroll of Protection |
| 21:22 | Periapt of Vitality |
| 21:24 | Scroll of Healing |
| 21:25 | Potion of Lesser Invulnerability |
| 21:42 | Arcanite Armor |
| 22:17 | Barracks |
| 22:21 | Spirit Walker Master Training |
| 22:33 | Watch Tower |
| 22:52 | Thorium Ranged Weapons |
| 22:56 | War Mill |
| 23:03 | Pillage |
| 23:05 | Backpack |
| 23:21 | Watch Tower |
| 23:40 | Watch Tower |
| 24:16 | Wind Rider |
| 25:05 | Healing Wave |
| 25:09 | Wind Rider |
| 25:10 | Shaman |
| 25:36 | Arcanite Ranged Weapons |
| 25:37 | Arcanite Melee Weapons |
| 26:23 | Wind Rider |
| 26:47 | Scroll of Town Portal |
| 26:47 | Potion of Mana |
| 26:47 | Potion of Mana |
| 26:53 | Shaman |
| 26:55 | War Stomp |
| 27:13 | Orc Burrow |
| 27:20 | Spirit Walker |
| 27:30 | Peon |
| 27:30 | Peon |
| 27:30 | Peon |
| 27:30 | Peon |
| 27:35 | Wind Rider |
| 27:40 | Scroll of Town Portal |
| 27:41 | Scroll of Healing |
| 27:43 | Scroll of Healing |
| 27:43 | Scroll of Protection |
| 27:50 | Orc Burrow |
| 28:13 | Orc Burrow |
| 28:18 | Wind Rider |
| 28:59 | Bladestorm |
| 29:04 | Wind Rider |
| 29:09 | Orc Burrow |
| 29:44 | Berserker Upgrade |
| 30:03 | Orc Burrow |
| 30:05 | Peon |
| 30:12 | Shaman |
| 30:22 | Scroll of Town Portal |
| 30:22 | Scroll of Healing |
| 30:22 | Scroll of Protection |
| 31:11 | Big Bad Voodoo |
| 31:26 | Reincarnation |
| 31:27 | Voodoo Lounge |
| 31:27 | Peon |
| 31:28 | Peon |
| 31:37 | Troll Witch Doctor |
| 31:48 | Peon |
| 31:49 | Peon |
| 32:16 | Troll Batrider |
| 32:17 | Liquid Fire |
| 34:18 | Critical Strike |
| 35:15 | Scroll of Town Portal |
| 35:37 | Endurance Aura |
| 35:59 | Great Hall |
| 36:32 | Shaman |
| 36:32 | Troll Witch Doctor |
| 36:57 | Troll Batrider |
| 36:57 | Berserker Strength |
| 37:08 | Scroll of Healing |
| 38:14 | Tauren |
| 38:15 | Troll Batrider |
| 38:55 | Spirit Walker |
| 39:03 | Tauren |
| 39:07 | Lesser Clarity Potion |
| 39:08 | Scroll of Town Portal |
| 39:08 | Potion of Mana |
| 39:11 | Hex |
| 39:25 | Peon |
| 39:25 | Peon |
| 39:26 | Peon |
| 39:26 | Peon |
| 39:43 | Troll Witch Doctor |
| 39:44 | Shaman |
| 40:01 | Peon |
| 40:31 | Peon |
| 41:13 | Mirror Image |
| 41:50 | Peon |
| 42:02 | Spirit Walker |
| 42:25 | Shaman |
| 42:35 | Potion of Lesser Invulnerability |
| 42:37 | Scroll of Town Portal |
| 43:35 | Shockwave |
| 44:16 | Great Hall |
| 45:01 | Serpent Ward |
| 45:20 | Peon |
| 45:20 | Peon |
| 45:20 | Peon |
| 46:42 | Peon |
| 46:49 | Peon |
| 46:49 | Peon |
| 48:28 | Mirror Image |
| 49:19 | Peon |
| 49:19 | Peon |
| 49:19 | Peon |
| 49:24 | Wind Rider |
| 49:39 | Shockwave |
| 49:53 | Raider |
| 50:19 | Peon |
| 50:19 | Peon |
| 50:24 | Raider |
| 50:39 | Peon |
| 50:46 | Wind Rider |
| 50:47 | Raider |
| Select group | 4199 |
| Right click | 2621 |
| Misc. action | 1219 |
| Select | 1081 |
| Chat | 463 |
| Build/train/purchase | 410 |
| Assign group | 391 |
| Use ability | 342 |
| Item give/drop | 9 |
| Esc | 8 |
55 units @ 6.6k
/ 1.1k
49 buildings @ 6.7k
/ 3.5k



| Scroll of Regeneration | 1 | 100 |
| Lesser Clarity Potion | 1 | 70 |
| Mechanical Critter | 7 | 350 |
| Staff of Sanctuary | 2 | 500 |
| Scroll of Town Portal | 7 | 2450 |
| Scroll of Healing | 1 | 250 |
| Potion of Lesser Invulnerability | 5 | 750 |
| Periapt of Vitality | 1 | 325 |
| Boots of Speed | 1 | 250 |
| Staff of Teleportation | 2 | 300 |
| Orb of Darkness | 1 | 600 |
| Health Stone | 1 | 450 |
| Ankh of Reincarnation | 1 | 450 |
| total: | 31 | 6845g |
| Peasant | 36 | 2700 | / | 0 |
| Rifleman | 4 | 820 | / | 120 |
| Mortar Team | 2 | 360 | / | 140 |
| Siege Engine | 12 | 2340 | / | 720 |
| Goblin Shredder | 1 | 375 | / | 100 |
| total: | 55 | 6595g | / | 1080w |
| Scout Tower | 16 | 480 | / | 320 |
| Arcane Tower | 5 | 350 | / | 250 |
| Guard Tower | 3 | 210 | / | 150 |
| Farm | 10 | 800 | / | 200 |
| Altar of Kings | 1 | 180 | / | 50 |
| Blacksmith | 1 | 140 | / | 60 |
| Barracks | 2 | 320 | / | 120 |
| Arcane Vault | 1 | 130 | / | 30 |
| Lumber Mill | 3 | 360 | / | 0 |
| Town Hall | 9 | 3465 | / | 1845 |
| Cannon Tower | 5 | 600 | / | 500 |
| Workshop | 4 | 560 | / | 560 |
| Arcane Sanctum | 2 | 300 | / | 280 |
| Keep | 2 | 640 | / | 420 |
| Castle | 1 | 360 | / | 210 |
| total: | 49 | 6735g | / | 3465w |
| 0:03 | Peasant |
| 0:03 | Peasant |
| 0:03 | Peasant |
| 0:21 | Peasant |
| 0:34 | Peasant |
| 0:50 | Farm |
| 0:51 | Farm |
| 0:56 | Scout Tower |
| 1:05 | Altar of Kings |
| 1:08 | Peasant |
| 1:09 | Peasant |
| 1:12 | Farm |
| 1:21 | Peasant |
| 1:37 | Scout Tower |
| 1:40 | Peasant |
| 1:50 | Blacksmith |
| 1:53 | Peasant |
| 1:55 | Arcane Tower |
| 2:07 | Barracks |
| 2:13 | Peasant |
| 2:22 | Arcane Tower |
| 2:32 | Farm |
| 2:36 | Arcane Vault |
| 3:09 | Rifleman |
| 3:12 | Farm |
| 3:17 | Lumber Mill |
| 3:24 | Rifleman |
| 3:31 | Summon Water Elemental |
| 4:03 | Keep |
| 4:24 | Improved Lumber Harvesting |
| 4:27 | Black Gunpowder |
| 4:58 | Rifleman |
| 5:01 | Improved Masonry |
| 5:04 | Brilliance Aura |
| 5:22 | Rifleman |
| 5:25 | Farm |
| 5:41 | Studded Leather Armor |
| 6:27 | Workshop |
| 6:50 | Castle |
| 6:57 | Summon Water Elemental |
| 7:23 | Town Hall |
| 7:29 | Holy Light |
| 7:31 | Scroll of Regeneration |
| 7:37 | Lesser Clarity Potion |
| 7:39 | Mechanical Critter |
| 7:39 | Mechanical Critter |
| 7:53 | Mechanical Critter |
| 8:13 | Advanced Lumber Harvesting |
| 8:17 | Workshop |
| 8:25 | Farm |
| 8:41 | Goblin Shredder |
| 9:37 | Divine Shield |
| 10:18 | Refined Gunpowder |
| 10:20 | Workshop |
| 10:23 | Workshop |
| 10:37 | Brilliance Aura |
| 11:01 | Holy Light |
| 11:10 | Scroll of Town Portal |
| 11:11 | Potion of Lesser Invulnerability |
| 11:12 | Periapt of Vitality |
| 11:13 | Scroll of Healing |
| 11:26 | Farm |
| 11:27 | Farm |
| 11:28 | Long Rifles |
| 11:39 | Iron Plating |
| 11:57 | Advanced Masonry |
| 12:04 | Scout Tower |
| 12:05 | Scout Tower |
| 12:20 | Arcane Sanctum |
| 12:22 | Arcane Sanctum |
| 12:25 | Barracks |
| 12:29 | Farm |
| 12:30 | Scout Tower |
| 12:32 | Scout Tower |
| 12:32 | Scout Tower |
| 12:34 | Barrage |
| 12:34 | Flare |
| 12:36 | Fragmentation Shards |
| 12:37 | Flak Cannons |
| 13:22 | Steel Plating |
| 13:41 | Imbued Masonry |
| 13:54 | Storm Bolt |
| 14:04 | Siege Engine |
| 14:28 | Arcane Tower |
| 14:29 | Guard Tower |
| 14:31 | Imbued Gunpowder |
| 14:41 | Divine Shield |
| 15:08 | Siege Engine |
| 15:34 | Summon Water Elemental |
| 15:36 | Cannon Tower |
| 15:43 | Animal War Training |
| 15:45 | Mithril Plating |
| 15:51 | Scout Tower |
| 15:52 | Scout Tower |
| 15:53 | Scout Tower |
| 15:55 | Mechanical Critter |
| 15:55 | Mechanical Critter |
| 15:57 | Scroll of Town Portal |
| 15:57 | Staff of Sanctuary |
| 17:09 | Cannon Tower |
| 17:15 | Thunder Clap |
| 17:29 | Guard Tower |
| 17:30 | Cannon Tower |
| 17:31 | Cannon Tower |
| 17:36 | Reinforced Leather Armor |
| 17:56 | Siege Engine |
| 18:02 | Town Hall |
| 18:43 | Peasant |
| 18:43 | Peasant |
| 18:43 | Peasant |
| 18:44 | Peasant |
| 18:44 | Peasant |
| 19:16 | Iron Forged Swords |
| 19:33 | Scout Tower |
| 19:34 | Scout Tower |
| 19:34 | Scout Tower |
| 19:45 | Town Hall |
| 19:50 | Dragonhide Armor |
| 20:06 | Siege Engine |
| 20:16 | Storm Bolt |
| 20:23 | Orb of Darkness |
| 20:43 | Town Hall |
| 20:52 | Steel Forged Swords |
| 20:58 | Arcane Tower |
| 22:15 | Guard Tower |
| 22:16 | Cannon Tower |
| 23:14 | Mithril Forged Swords |
| 23:20 | Siege Engine |
| 23:47 | Peasant |
| 23:47 | Peasant |
| 23:47 | Peasant |
| 23:48 | Peasant |
| 23:48 | Peasant |
| 24:40 | Town Hall |
| 25:14 | Town Hall |
| 26:46 | Town Hall |
| 26:57 | Peasant |
| 26:58 | Peasant |
| 27:06 | Peasant |
| 27:31 | Peasant |
| 27:54 | Scout Tower |
| 27:54 | Scout Tower |
| 27:55 | Scout Tower |
| 28:18 | Peasant |
| 28:18 | Peasant |
| 28:19 | Peasant |
| 28:51 | Town Hall |
| 29:03 | Holy Light |
| 29:48 | Peasant |
| 29:49 | Peasant |
| 29:49 | Peasant |
| 29:49 | Peasant |
| 30:16 | Mechanical Critter |
| 30:18 | Mechanical Critter |
| 30:19 | Scroll of Town Portal |
| 30:24 | Scroll of Town Portal |
| 30:26 | Staff of Sanctuary |
| 30:33 | Siege Engine |
| 30:38 | Siege Engine |
| 31:04 | Siege Engine |
| 31:33 | Siege Engine |
| 32:03 | Siege Engine |
| 32:06 | Siege Engine |
| 32:38 | Siege Engine |
| 33:47 | Lumber Mill |
| 34:00 | Peasant |
| 34:01 | Peasant |
| 34:01 | Peasant |
| 34:01 | Peasant |
| 34:06 | Lumber Mill |
| 36:26 | Town Hall |
| 36:48 | Thunder Clap |
| 36:56 | Scroll of Town Portal |
| 36:57 | Potion of Lesser Invulnerability |
| 37:08 | Boots of Speed |
| 38:15 | Keep |
| 38:22 | Potion of Lesser Invulnerability |
| 38:27 | Scroll of Town Portal |
| 40:59 | Scroll of Town Portal |
| 41:36 | Arcane Tower |
| 42:40 | Health Stone |
| 42:43 | Ankh of Reincarnation |
| 45:33 | Potion of Lesser Invulnerability |
| 45:33 | Staff of Teleportation |
| 48:27 | Mortar Team |
| 49:09 | Potion of Lesser Invulnerability |
| 49:29 | Mortar Team |
| 49:54 | Staff of Teleportation |
| Select group | 821 |
| Right click | 688 |
| Select | 515 |
| Build/train/purchase | 257 |
| Use ability | 85 |
| Chat | 85 |
| Misc. action | 78 |
| Assign group | 30 |
| Item give/drop | 9 |
| Esc | 8 |
35 units @ 4.8k
/ 0.8k
16 buildings @ 3k
/ 1.3k



| Scroll of Town Portal | 1 | 350 |
| Boots of Speed | 2 | 500 |
| Staff of Teleportation | 1 | 150 |
| Sobi Mask | 1 | 400 |
| total: | 5 | 1400g |
| Wisp | 11 | 660 | / | 0 |
| Archer | 6 | 780 | / | 60 |
| Huntress | 3 | 585 | / | 60 |
| Dryad | 4 | 580 | / | 240 |
| Druid of the Talon | 1 | 145 | / | 20 |
| Hippogryph | 2 | 320 | / | 40 |
| Mountain Giant | 1 | 350 | / | 100 |
| Faerie Dragon | 5 | 775 | / | 125 |
| Goblin Shredder | 1 | 375 | / | 100 |
| Goblin Sapper | 1 | 215 | / | 100 |
| total: | 35 | 4785g | / | 845w |
| Ancient Protector | 2 | 270 | / | 160 |
| Altar of Elders | 1 | 180 | / | 50 |
| Moon Well | 6 | 1080 | / | 240 |
| Ancient of War | 1 | 150 | / | 60 |
| Hunter's Hall | 1 | 210 | / | 100 |
| Ancient of Wonders | 1 | 90 | / | 30 |
| Tree of Life | 2 | 680 | / | 370 |
| Ancient of Lore | 1 | 155 | / | 145 |
| Ancient of Wind | 1 | 150 | / | 140 |
| Tree of Ages | 1 | 320 | / | 180 |
| Tree of Eternity | 1 | 330 | / | 200 |
| total: | 16 | 2965g | / | 1295w |
| 0:04 | Wisp |
| 0:05 | Wisp |
| 0:36 | Tree of Ages |
| 1:07 | Altar of Elders |
| 1:40 | Moon Well |
| 1:46 | Ancient of War |
| 3:01 | Wisp |
| 3:19 | Frost Arrows |
| 3:30 | Summon Quilbeast |
| 3:37 | Wisp |
| 3:53 | Wisp |
| 4:12 | Wisp |
| 4:14 | Wisp |
| 4:36 | Moon Well |
| 4:39 | Moon Well |
| 5:02 | Improved Bows |
| 5:53 | Archer |
| 6:02 | Nature's Blessing |
| 6:24 | Archer |
| 6:53 | Archer |
| 7:01 | Hunter's Hall |
| 7:11 | Archer |
| 7:20 | Moon Well |
| 7:37 | Summon Hawk |
| 7:40 | Forked Lightning |
| 7:48 | Goblin Shredder |
| 8:02 | Archer |
| 8:15 | Moon Well |
| 8:20 | Moon Well |
| 8:35 | Huntress |
| 8:41 | Strength of the Moon |
| 8:43 | Wisp |
| 8:46 | Wisp |
| 9:54 | Ancient of Lore |
| 9:57 | Ancient of Wind |
| 9:59 | Strength of the Wild |
| 10:02 | Reinforced Hides |
| 10:15 | Huntress |
| 10:40 | Tree of Eternity |
| 10:43 | Moon Glaive |
| 11:05 | Ancient Protector |
| 11:26 | Dryad |
| 11:26 | Abolish Magic |
| 11:30 | Druid of the Talon Adept Training |
| 11:31 | Druid of the Talon |
| 11:44 | Summon Hawk |
| 12:14 | Druid of the Claw Adept Training |
| 12:18 | Huntress |
| 12:18 | Sentinel |
| 12:21 | Improved Strength of the Wild |
| 12:21 | Improved Strength of the Moon |
| 12:22 | Ultravision |
| 12:33 | Ancient of Wonders |
| 12:43 | Frost Arrows |
| 13:21 | Pocket Factory |
| 13:29 | Ancient Protector |
| 13:36 | Druid of the Talon Master Training |
| 14:07 | Wisp |
| 14:08 | Wisp |
| 14:24 | Sobi Mask |
| 14:32 | Marksmanship |
| 14:34 | Well Spring |
| 15:11 | Tree of Life |
| 15:22 | Mark of the Talon |
| 15:24 | Druid of the Claw Master Training |
| 15:43 | Moon Armor |
| 16:07 | Boots of Speed |
| 16:46 | Boots of Speed |
| 17:03 | Dryad |
| 17:03 | Mark of the Claw |
| 17:05 | Hippogryph |
| 17:45 | Mountain Giant |
| 17:45 | Hardened Skin |
| 18:57 | Hippogryph |
| 19:31 | Faerie Dragon |
| 19:50 | Tree of Life |
| 20:12 | Scroll of Town Portal |
| 20:37 | Faerie Dragon |
| 20:41 | Improved Reinforced Hides |
| 20:55 | Staff of Teleportation |
| 21:42 | Faerie Dragon |
| 21:56 | Dryad |
| 21:58 | Resistant Skin |
| 22:02 | Faerie Dragon |
| 22:40 | Dryad |
| 22:41 | Archer |
| 22:46 | Goblin Sapper |
| 23:05 | Faerie Dragon |
| Select | 272 |
| Misc. action | 128 |
| Build/train/purchase | 110 |
| Use ability | 48 |
| Chat | 34 |
| Right click | 8 |
| Item give/drop | 1 |